[Event "Titled Tuesday Blitz August 08 Late 2023"]
[White "Schut, Han"]
[Black "Cremisi, Daniel"]
[WhiteFideId "1005561"]
[BlackFideId "2089882"]
[WhiteElo "2226"]
[BlackElo "2547"]
[Result "0-1"]
[Round "1"]
[TimeControl "180+1"]
[Date "2023.08.08"]
[WhiteClock "0:01:19"]
[BlackClock "0:01:49"]
[Board "165"]

1. e4 e6 2. d4 d5 3. e5 c5 4. c3 Nc6 5. Nf3 Qb6 6. Bd3 cxd4 7. O-O Bd7 8. Re1 Nge7 9. h4 O-O-O 10. a3 Kb8 11. Nbd2 Ng6 12. g3 dxc3 13. bxc3 Bc5 14. Qe2 f6 15. Rb1 Qc7 16. Ba6 Bb6 17. c4 dxc4 18. Nxc4 Ncxe5 19. h5 Nxf3+ 20. Qxf3 Bc6 21. Qe2 Qxg3+ 0-1


[Site "https://www.chess.com"]

[Event "Titled Tuesday Blitz August 08 Late 2023"]
[White "Richter, Paul"]
[Black "Josgar05"]
[WhiteFideId "2046350"]
[WhiteElo "2542"]
[BlackElo "2224"]
[Result "1-0"]
[Round "1"]
[TimeControl "180+1"]
[Date "2023.08.08"]
[WhiteClock "0:00:13"]
[BlackClock "0:00:53"]
[Board "166"]

1. e4 g6 2. d4 Bg7 3. Nc3 c6 4. f4 d5 5. e5 Nh6 6. Be3 Nf5 7. Bf2 h5 8. Nf3 O-O 9. h3 Qb6 10. Na4 Qa5+ 11. c3 b5 12. Nc5 b4 13. cxb4 Qxb4+ 14. Qd2 Qb6 15. Bd3 Nh6 16. e6 f5 17. Ne5 Kh7 18. g4 Bxe5 19. fxe5 Na6 20. gxh5 gxh5 21. Rg1 Nxc5 22. dxc5 Qc7 23. Bd4 Bxe6 24. O-O-O Rg8 25. Qe2 Bf7 26. e6 Bg6 27. Be5 Qa5 28. Qe3 Qxa2 29. Qg5 Rae8 30. Bf4 Qa1+ 31. Bb1 Nf7 32. exf7 Bxf7 33. Qh6# 1-0


[Site "https://www.chess.com"]

[Event "Titled Tuesday Blitz August 08 Late 2023"]
[White "Sarkar, Justin"]
[Black "ArtemDyachuk"]
[WhiteFideId "2010011"]
[WhiteElo "2223"]
[BlackElo "2540"]
[Result "1-0"]
[Round "1"]
[TimeControl "180+1"]
[Date "2023.08.08"]
[WhiteClock "0:00:06"]
[BlackClock "0:00:05"]
[Board "167"]

1. d4 Nf6 2. c4 e6 3. Nc3 c5 4. d5 exd5 5. cxd5 d6 6. Nf3 g6 7. Nd2 Bg7 8. e4 O-O 9. Be2 Na6 10. O-O Nc7 11. f3 a6 12. a4 Rb8 13. Nc4 b5 14. Na5 Bd7 15. axb5 axb5 16. Bf4 b4 17. Na4 Nh5 18. Be3 Qe8 19. Nc4 Nb5 20. Nxc5 dxc5 21. Bxc5 Qd8 22. Bxf8 Bxf8 23. f4 Bc5+ 24. Kh1 Nf6 25. Bf3 Nd4 26. e5 Nxf3 27. Qxf3 Ng4 28. e6 fxe6 29. Qxg4 exd5 30. Qe2 Qe8 31. Qxe8+ Rxe8 32. Ne5 Bf5 33. Rad1 Be4 34. h3 Ra8 35. Kh2 Ra2 36. Rd2 Be3 37. Re2 Bd4 38. Rd1 Bc5 39. Nd7 Be7 40. Nb6 Ra5 41. Nxd5 Bxd5 42. Rxe7 Kf8 43. Rd7 Bg8 44. Rd8+ Kg7 45. R1d7+ Bf7 46. Rb8 Kf6 47. Rbb7 Be6 48. Rxh7 Ra2 49. Rxb4 Ra1 50. f5 g5 51. Rb6 Kxf5 52. Rh6 Bd5 53. Rhf6+ Ke5 54. Rg6 Kf5 55. Rg7 Rc1 56. Rbg6 Kf4 57. Rxg5 Be4 58. Rg4+ Ke3 59. Re7 Kd3 60. Rexe4 Rb1 61. Rd4+ Ke3 62. Rde4+ Kd3 63. Rb4 Ke3 64. Rg3+ Kf2 65. Rf4+ Ke2 66. Rgf3 Kd2 67. Rf2+ Ke3 68. R2f3+ Ke2 69. h4 Rc1 70. h5 Rc5 71. h6 Rc8 72. Rf7 Rh8 73. h7 Kd2 74. Rg7 Kc2 75. Rh3 Kxb2 76. Rg8 Rxg8 77. hxg8=Q 1-0


[Site "https://www.chess.com"]

[Event "Titled Tuesday Blitz August 08 Late 2023"]
[White "Girsh, Daniel"]
[Black "Kula, Robert"]
[WhiteFideId "30949190"]
[BlackFideId "1101218"]
[WhiteElo "2539"]
[BlackElo "2219"]
[Result "0-1"]
[Round "1"]
[TimeControl "180+1"]
[Date "2023.08.08"]
[WhiteClock "0:00:12"]
[BlackClock "0:01:30"]
[Board "168"]

1. Nf3 d5 2. c4 dxc4 3. Qa4+ Nc6 4. Qxc4 Be6 5. Qc2 g6 6. g3 Bg7 7. Bg2 Nf6 8. O-O O-O 9. Nc3 a6 10. Rd1 Nb4 11. Qa4 c5 12. Rf1 b5 13. Qd1 Rc8 14. d4 c4 15. a3 Nc6 16. h3 Na5 17. e4 Nb3 18. Rb1 Qb6 19. Be3 Qb8 20. Bf4 Qa7 21. d5 Bd7 22. e5 Ne8 23. Be3 Qb8 24. Bf4 Bf5 25. e6 Nd6 26. exf7+ Kh8 27. Ng5 Bxb1 28. Qxb1 Nc5 29. Ne6 Rxf7 30. Nxg7 Kxg7 31. Be5+ Kg8 32. h4 Nd3 33. Bd4 Nf5 34. Ne2 Rcf8 35. Bh3 Nxd4 36. Nxd4 Rxf2 37. Be6+ Kh8 38. Rxf2 Rxf2 39. Qxd3 cxd3 40. Kxf2 Qe5 41. Nf3 Qe2+ 0-1


[Site "https://www.chess.com"]

[Event "Titled Tuesday Blitz August 08 Late 2023"]
[White "De Arruda, Leandro Formes"]
[Black "Czerw, Dawid"]
[WhiteFideId "22722009"]
[BlackFideId "1145746"]
[WhiteElo "2211"]
[BlackElo "2538"]
[Result "0-1"]
[Round "1"]
[TimeControl "180+1"]
[Date "2023.08.08"]
[WhiteClock "0:00:01"]
[BlackClock "0:01:30"]
[Board "169"]

1. d4 d5 2. Nf3 Nf6 3. e3 Bg4 4. Be2 Bxf3 5. Bxf3 e6 6. O-O Bd6 7. c4 c6 8. Nc3 O-O 9. cxd5 exd5 10. e4 dxe4 11. Nxe4 Nxe4 12. Bxe4 Nd7 13. Be3 Nf6 14. Bf5 Qa5 15. Qc2 g6 16. Bd3 Rfe8 17. h3 Nd5 18. Bh6 Rad8 19. a3 Bb8 20. g3 Qc7 21. Bc4 Qe7 22. Rfe1 Qd7 23. Kh2 Qf5 24. Rxe8+ Rxe8 25. Qxf5 gxf5 26. Bd3 Re6 27. Bg5 h6 28. Bd2 a6 29. Kg2 Ba7 30. Bc3 f4 31. Bc4 fxg3 32. fxg3 Ne3+ 33. Kf3 Nxc4 34. g4 Re3+ 35. Kg2 Kh7 36. Rf1 Kg6 37. d5 cxd5 38. Rf6+ Kg5 39. Rf5+ Kg6 40. Rf6+ Kg7 41. Rxa6+ Rxc3 42. bxc3 bxa6 0-1


[Site "https://www.chess.com"]

[Event "Titled Tuesday Blitz August 08 Late 2023"]
[White "Hansen, Torbjorn Ringdal"]
[Black "Thiel, Thomas"]
[WhiteFideId "1501720"]
[BlackFideId "4615964"]
[WhiteElo "2538"]
[BlackElo "2207"]
[Result "1-0"]
[Round "1"]
[TimeControl "180+1"]
[Date "2023.08.08"]
[WhiteClock "0:01:42"]
[BlackClock "0:01:26"]
[Board "170"]

1. e4 d5 2. exd5 Nf6 3. Bb5+ Nbd7 4. Be2 Nxd5 5. d4 c6 6. Nf3 g6 7. O-O Bg7 8. c4 Nc7 9. Nc3 O-O 10. Be3 Nf6 11. Qd2 Bf5 12. Rad1 Ne4 13. Nxe4 Bxe4 14. Bh6 Ne6 15. Bxg7 Kxg7 16. Ne5 f6 17. Qe3 Bf5 18. Nf3 Qd7 19. Rfe1 Rae8 20. h3 h5 21. Nh4 Ng5 22. Bd3 Bxd3 23. Qxd3 f5 24. Qg3 1-0


[Site "https://www.chess.com"]

[Event "Titled Tuesday Blitz August 08 Late 2023"]
[White "Petersson, Kjell"]
[Black "Droin, Augustin"]
[WhiteFideId "1705148"]
[BlackFideId "45105987"]
[WhiteElo "2198"]
[BlackElo "2535"]
[Result "0-1"]
[Round "1"]
[TimeControl "180+1"]
[Date "2023.08.08"]
[WhiteClock "0:00:14"]
[BlackClock "0:00:24"]
[Board "171"]

1. d4 Nf6 2. Bf4 d5 3. e3 c5 4. c3 Qb6 5. Qb3 c4 6. Qc2 Nc6 7. Nd2 g6 8. e4 Nxe4 9. Nxe4 Bf5 10. f3 dxe4 11. fxe4 e5 12. exf5 exf4 13. Bxc4 O-O-O 14. O-O-O Qc7 15. Bd3 Kb8 16. Ne2 Bd6 17. Rhf1 Rhe8 18. Rf2 Re3 19. Rdf1 Rde8 20. a3 g5 21. Kb1 Na5 22. g3 fxg3 23. hxg3 Bxg3 24. Nxg3 Qxg3 25. f6 Rxd3 26. Rg2 Qe3 27. Rh1 Nc4 28. Rxh7 Rd2 29. Rxd2 Nxd2+ 30. Ka2 g4 31. Rxf7 Qe6+ 32. c4 Qxf7 33. Qxd2 Qxf6 34. d5 g3 35. d6 Rd8 36. d7 Qe6 37. Qf4+ Ka8 38. Qxg3 Qxc4+ 39. Ka1 Rxd7 40. Qh3 Rd1# 0-1


[Site "https://www.chess.com"]

[Event "Titled Tuesday Blitz August 08 Late 2023"]
[White "Bettalli, Francesco"]
[Black "Butti, Enrique"]
[WhiteFideId "2816453"]
[BlackFideId "3700470"]
[WhiteElo "2532"]
[BlackElo "2196"]
[Result "1-0"]
[Round "1"]
[TimeControl "180+1"]
[Date "2023.08.08"]
[WhiteClock "0:01:45"]
[BlackClock "0:02:03"]
[Board "172"]

1. e4 c5 2. Nc3 Nc6 3. Bb5 e6 4. Bxc6 bxc6 5. d3 d5 6. f4 Nf6 7. e5 Nd7 8. Nf3 f6 9. O-O fxe5 10. Nxe5 Nxe5 11. fxe5 g6 12. Qf3 Qe7 13. h4 Bg7 14. Bg5 Qc7 15. Rae1 Rf8 16. Qg3 Rf5 17. Rxf5 exf5 18. Bf6 Kf7 19. e6+ 1-0


[Site "https://www.chess.com"]

[Event "Titled Tuesday Blitz August 08 Late 2023"]
[White "Fernandez Bustamante, Leancy B."]
[Black "Huber, Benedikt"]
[WhiteFideId "3523870"]
[BlackFideId "12923583"]
[WhiteElo "2195"]
[BlackElo "2531"]
[Result "0-1"]
[Round "1"]
[TimeControl "180+1"]
[Date "2023.08.08"]
[WhiteClock "0:00:23"]
[BlackClock "0:01:13"]
[Board "173"]

1. e4 c5 2. Nf3 e6 3. c3 Nf6 4. e5 Nd5 5. d4 cxd4 6. cxd4 d6 7. Nc3 dxe5 8. Nxe5 Nc6 9. Nxc6 bxc6 10. Bd3 Bd6 11. Ne4 Bb4+ 12. Bd2 O-O 13. O-O Qb6 14. Be3 Ba6 15. Ng5 h6 16. Nf3 Bd6 17. Bxa6 Qxa6 18. Ne5 Bxe5 19. dxe5 Nxe3 20. fxe3 Rad8 21. Qc2 Rd5 22. Rfc1 Rxe5 23. Qxc6 Qe2 24. Rc3 Rd8 25. h3 Rd2 26. Rf1 Rg5 27. Qa8+ Kh7 28. Qe4+ f5 29. Qf3 Rxg2+ 30. Kh1 Rh2+ 31. Kg1 Qg2+ 32. Qxg2 Rdxg2# 0-1


[Site "https://www.chess.com"]

[Event "Titled Tuesday Blitz August 08 Late 2023"]
[White "Dobrikov, Marco"]
[Black "Francisco_Ferrari"]
[WhiteFideId "12950378"]
[WhiteElo "2529"]
[BlackElo "2182"]
[Result "1-0"]
[Round "1"]
[TimeControl "180+1"]
[Date "2023.08.08"]
[WhiteClock "0:01:37"]
[BlackClock "0:00:17"]
[Board "174"]

1. d4 Nf6 2. Bf4 g6 3. e3 Bg7 4. c3 O-O 5. Nd2 d6 6. h3 Nc6 7. Bh2 e5 8. Ngf3 Qe7 9. Be2 Nd7 10. O-O f5 11. b4 f4 12. Bc4+ Kh8 13. exf4 exd4 14. cxd4 Nb6 15. Re1 Qd8 16. Bb3 Nxb4 17. Ne4 Bf5 18. Neg5 d5 19. Ne5 Bxe5 20. dxe5 c5 21. e6 Qf6 22. g4 Bd3 23. a3 Nc6 24. Qxd3 c4 25. Qd1 cxb3 26. Qxb3 Nd4 27. Qd3 h6 28. Nf7+ Kg7 29. f5 Qh4 30. Qxd4+ 1-0


[Site "https://www.chess.com"]

[Event "Titled Tuesday Blitz August 08 Late 2023"]
[White "Sabar Ethmane Daouda"]
[Black "reevecanada"]
[WhiteFideId "19600097"]
[WhiteElo "2179"]
[BlackElo "2528"]
[Result "0-1"]
[Round "1"]
[TimeControl "180+1"]
[Date "2023.08.08"]
[WhiteClock "0:00:00"]
[BlackClock "0:00:56"]
[Board "175"]

1. b3 d5 2. Bb2 Nf6 3. e3 e6 4. f4 c5 5. Bb5+ Bd7 6. Be2 Bd6 7. Nf3 Nc6 8. O-O Qc7 9. a3 e5 10. fxe5 Nxe5 11. Nxe5 Bxe5 12. Bxe5 Qxe5 13. Nc3 O-O 14. Bf3 Bc6 15. Qe1 Rfe8 16. Rd1 Rad8 17. d4 Qxe3+ 18. Qxe3 Rxe3 19. Rd3 cxd4 20. Nd1 Rxd3 21. cxd3 Re8 22. a4 g6 23. Kf2 Ne4+ 24. dxe4 dxe4 25. Be2 d3 26. Bg4 f5 27. Bh3 Bd5 28. b4 Bb3 29. Ke3 Bxa4 30. Nc3 Bd7 31. Nd5 Kg7 32. Rc1 Rc8 33. Rxc8 Bxc8 34. b5 h5 35. g3 Be6 36. Nc3 Bc4 37. Kd4 Bb3 38. Ke3 Kf6 39. Bg2 Ke5 40. h4 a5 41. bxa6 bxa6 42. Nb1 a5 43. Na3 g5 44. hxg5 h4 45. Bxe4 fxe4 46. gxh4 Bf7 47. Nb1 a4 48. Nc3 a3 49. Nd1 a2 50. Nc3 a1=Q 0-1


[Site "https://www.chess.com"]

[Event "Titled Tuesday Blitz August 08 Late 2023"]
[White "ATM622"]
[Black "Sailer, Mike"]
[BlackFideId "2012901"]
[WhiteElo "2527"]
[BlackElo "2179"]
[Result "0-1"]
[Round "1"]
[TimeControl "180+1"]
[Date "2023.08.08"]
[WhiteClock "0:00:00"]
[BlackClock "0:00:02"]
[Board "176"]

1. d4 d5 2. c4 Bf5 3. cxd5 Bxb1 4. Qa4+ Qd7 5. Qxd7+ Nxd7 6. Rxb1 Ngf6 7. Bd2 Nb6 8. f3 Nbxd5 9. e4 Nb6 10. Bd3 e6 11. Ne2 a5 12. O-O Bb4 13. Be3 a4 14. a3 Be7 15. Rbc1 c6 16. d5 Nbxd5 17. exd5 Nxd5 18. Bf2 Kd7 19. Rfd1 Bf6 20. Bd4 Bxd4+ 21. Nxd4 h5 22. Kf2 g5 23. Be4 Ke7 24. Bxd5 exd5 25. h4 f6 26. hxg5 fxg5 27. Re1+ Kf7 28. Nf5 Kf6 29. Nd4 h4 30. Re6+ Kf7 31. Re5 Rhg8 32. Rf5+ Ke7 33. Re1+ Kd6 34. Ne6 g4 35. Nf4 gxf3 36. Kxf3 Rg3+ 37. Kf2 Rag8 38. Rf6+ Kc5 39. Rf7 b6 40. Rc1+ Kb5 41. Rf6 h3 42. gxh3 Rb3 43. Rc2 c5 44. Nxd5 Rd8 45. Nc3+ Ka6 46. Ke3 Rh8 47. Rf3 Re8+ 48. Kd2 Rd8+ 49. Rd3 Rh8 50. Nd5 Rg8 51. Nc7+ Kb7 52. Nd5 Rg2+ 53. Ke3 Rg3+ 54. Kf4 Rgxd3 55. Ne7 Rxh3 56. Kg5 Rhg3+ 57. Kf6 Rgf3+ 58. Ke6 Rbe3+ 59. Kd6 Rd3+ 60. Ke6 Rfe3+ 61. Kf6 Rd6+ 62. Kf7 Rd7 63. Kf6 Rexe7 64. Rd2 Rxd2 65. Kxe7 Rxb2 0-1


[Site "https://www.chess.com"]

[Event "Titled Tuesday Blitz August 08 Late 2023"]
[White "Oliveira, Tiago Batista"]
[Black "Poltorak, Sebastian"]
[WhiteFideId "2108291"]
[BlackFideId "1199498"]
[WhiteElo "2179"]
[BlackElo "2527"]
[Result "1-0"]
[Round "1"]
[TimeControl "180+1"]
[Date "2023.08.08"]
[WhiteClock "0:00:04"]
[BlackClock "0:00:00"]
[Board "177"]

1. d4 Nf6 2. c4 c6 3. Nf3 d5 4. g3 g6 5. Bg2 Bg7 6. O-O O-O 7. Nc3 Bf5 8. Nh4 Be6 9. cxd5 Nxd5 10. e4 Nb6 11. Nf3 Bg4 12. Be3 Nc4 13. Qb3 Nxe3 14. fxe3 Bc8 15. Rf2 Nd7 16. Raf1 e6 17. e5 Nb6 18. Ne4 Nd5 19. Nfg5 Qe7 20. Rxf7 Rxf7 21. Rxf7 Qd8 22. Bh3 Nc7 23. Rxc7 Qxc7 24. Bxe6+ Kf8 25. Nxh7+ Ke7 26. Bg8 Kd8 27. Nef6 Qe7 28. Qf7 Qxf7 29. Bxf7 Bf5 30. Ng5 Ke7 31. e4 Bxf6 32. exf6+ Kxf6 33. exf5 Kxg5 34. fxg6 Kf6 35. h4 Rd8 36. d5 cxd5 37. Kf2 d4 38. Ke2 d3+ 39. Kd2 Rd4 40. h5 Kg7 41. b3 b5 42. a3 a6 43. Be8 Kh6 44. Bf7 Rd8 45. g4 Kg7 46. Be6 Kf6 47. Bf5 Kg5 48. Bxd3 Kxg4 49. Kc3 Kxh5 50. g7 Rg8 51. Kb4 Rxg7 52. Ka5 Rd7 53. Be2+ Kg5 54. Kxa6 Rd2 55. Bxb5 Kf6 56. Bc4 Ke7 57. a4 Kd6 58. Kb6 Rh2 59. a5 Rh6 60. a6 Kd7+ 61. Kb7 1-0


[Site "https://www.chess.com"]

[Event "Titled Tuesday Blitz August 08 Late 2023"]
[White "Perske, Thore"]
[Black "campochess"]
[WhiteFideId "12902195"]
[WhiteElo "2527"]
[BlackElo "2175"]
[Result "1-0"]
[Round "1"]
[TimeControl "180+1"]
[Date "2023.08.08"]
[WhiteClock "0:00:13"]
[BlackClock "0:00:02"]
[Board "178"]

1. d4 e6 2. g3 Nf6 3. Bg2 c5 4. Nf3 Nc6 5. O-O Be7 6. c4 d6 7. b3 O-O 8. Bb2 Rb8 9. Nc3 Ng4 10. h3 Nh6 11. d5 Nb4 12. a3 Na6 13. dxe6 fxe6 14. e4 Nc7 15. a4 Nf7 16. Qd2 Na6 17. Nb5 Nb4 18. Nxa7 Bd7 19. Nb5 Bc6 20. Rfe1 e5 21. Nc3 Qd7 22. Nd5 Na6 23. Nh2 Bg5 24. Qd3 Bxd5 25. Qxd5 Nb4 26. Qd1 Bd8 27. Ng4 Nc6 28. Ne3 Nd4 29. Nd5 Ng5 30. Bxd4 cxd4 31. h4 Ne6 32. b4 Nc7 33. Qb3 Nxd5 34. exd5 Kh8 35. Be4 Qg4 36. Qd3 Bxh4 37. Kg2 Be7 38. Bxh7 Rf6 39. Rh1 Rh6 40. Rxh6 gxh6 41. Rh1 Kg7 42. Be4 Rf8 43. a5 h5 44. Bf3 e4 45. Qxe4 Qxe4 46. Bxe4 h4 47. gxh4 Rf4 48. f3 Rxh4 49. Rxh4 Bxh4 50. b5 Bd8 51. a6 bxa6 52. bxa6 Bb6 53. f4 Kf6 54. Kf3 Ba7 55. Ke2 Bb6 56. Kd3 Ba7 57. Kc2 Bc5 58. Kb3 Kf7 59. Ka4 Ke7 60. Kb5 Kd7 61. Bf5+ Kc7 62. Bg4 d3 63. f5 Bd4 64. Bd1 d2 65. Bf3 Be5 66. Bg4 Bd4 67. Be2 Ba7 68. f6 Bd4 69. f7 Bg7 70. c5 dxc5 71. Kxc5 Bf8+ 72. Kd4 Kb6 73. Ke5 Kc7 74. Ke6 Bd6 75. a7 1-0


[Site "https://www.chess.com"]

[Event "Titled Tuesday Blitz August 08 Late 2023"]
[White "Osmonbekov, Talaibek"]
[Black "Grossboss19"]
[WhiteFideId "2017253"]
[WhiteElo "2175"]
[BlackElo "2526"]
[Result "0-1"]
[Round "1"]
[TimeControl "180+1"]
[Date "2023.08.08"]
[WhiteClock "0:00:00"]
[BlackClock "0:00:13"]
[Board "179"]

1. d4 Nf6 2. Bf4 g6 3. Nc3 d5 4. e3 Bg7 5. Nf3 O-O 6. Ne5 c6 7. h4 Nfd7 8. h5 Nxe5 9. dxe5 Nd7 10. e6 fxe6 11. hxg6 hxg6 12. Bd3 Qe8 13. Qg4 Nf6 14. Qxg6 Qxg6 15. Bxg6 Ne8 16. Bg5 Bf6 17. Bh6 Bg7 18. O-O-O Bxh6 19. Rxh6 Kg7 20. Rdh1 Nf6 21. f3 Bd7 22. g4 Ng8 23. Rh7+ Kxg6 24. f4 Rf7 25. Rh8 Rg7 26. Ne2 Kf7 27. g5 e5 28. Ng1 exf4 29. exf4 e5 30. Nf3 exf4 31. Ne5+ Ke6 32. Re1 Kd6 33. g6 Re8 34. Nf7+ Kc7 35. Rf1 Rxg6 36. Rxf4 Nf6 37. Rh7 Re7 38. c4 d4 39. Kd2 Be6 40. Ng5 Nxh7 0-1


[Site "https://www.chess.com"]

[Event "Titled Tuesday Blitz August 08 Late 2023"]
[White "Khandelwal, Ankush"]
[Black "Novikova, Margarita"]
[WhiteFideId "413470"]
[BlackFideId "14109689"]
[WhiteElo "2524"]
[BlackElo "2133"]
[Result "1-0"]
[Round "1"]
[TimeControl "180+1"]
[Date "2023.08.08"]
[WhiteClock "0:00:13"]
[BlackClock "0:00:00"]
[Board "180"]

1. e4 d5 2. exd5 Qxd5 3. Nc3 Qd6 4. d4 Nf6 5. Nf3 Bf5 6. Ne5 Nbd7 7. Nb5 Qb6 8. Nc4 Qe6+ 9. Be2 Nd5 10. Ne3 O-O-O 11. Nxa7+ Kb8 12. Nb5 Nxe3 13. Bxe3 Qc6 14. O-O Bxc2 15. Qd2 Ba4 16. Rac1 Bxb5 17. Rxc6 Bxc6 18. Rc1 e6 19. Rxc6 bxc6 20. Ba6 Nb6 21. Qa5 Rd5 22. Qc3 Be7 23. Qxc6 1-0


[Site "https://www.chess.com"]

[Event "Titled Tuesday Blitz August 08 Late 2023"]
[White "Semenova, Alina"]
[Black "Loay, Sameer"]
[WhiteFideId "24113875"]
[BlackFideId "8104239"]
[WhiteElo "2108"]
[BlackElo "2523"]
[Result "0-1"]
[Round "1"]
[TimeControl "180+1"]
[Date "2023.08.08"]
[WhiteClock "0:00:02"]
[BlackClock "0:02:08"]
[Board "181"]

1. e4 g6 2. Nf3 Bg7 3. d4 d6 4. Nc3 Nf6 5. Bc4 O-O 6. O-O Nxe4 7. Nxe4 d5 8. Bxd5 Qxd5 9. Nc3 Qd8 10. h3 c6 11. Re1 Nd7 12. Bg5 Nf6 13. Qd2 Be6 14. Bh6 Qd7 15. Bxg7 Kxg7 16. Ng5 Bd5 17. Nxd5 cxd5 18. Nf3 Ne4 19. Qf4 f6 20. c3 Rae8 21. Qh4 e5 22. Rad1 Qf7 23. dxe5 fxe5 24. Re2 h6 25. Qg4 Nf6 26. Qg3 Nh5 27. Qh2 e4 28. Nd4 Nf4 29. Red2 Nd3 30. Rxd3 exd3 31. Rxd3 Re1# 0-1


[Site "https://www.chess.com"]

[Event "Titled Tuesday Blitz August 08 Late 2023"]
[White "Papayan, Oleg"]
[Black "Hartikainen, Jarmo"]
[WhiteFideId "4193911"]
[BlackFideId "503134"]
[WhiteElo "2523"]
[BlackElo "2087"]
[Result "1/2-1/2"]
[Round "1"]
[TimeControl "180+1"]
[Date "2023.08.08"]
[WhiteClock "0:00:30"]
[BlackClock "0:00:38"]
[Board "182"]

1. e4 c5 2. d4 cxd4 3. Qxd4 Nc6 4. Qd3 Nf6 5. Nc3 e6 6. Bf4 a6 7. O-O-O Be7 8. Nf3 b5 9. Be2 Bb7 10. Rhe1 O-O 11. Kb1 d5 12. exd5 Nb4 13. Qd4 Nbxd5 14. Be5 Nxc3+ 15. Qxc3 Qc8 16. Bxf6 Bxf6 17. Qxc8 Raxc8 18. Rd7 Bc6 19. Ra7 Ra8 20. Rxa8 Rxa8 21. g3 Rd8 22. Rd1 Rxd1+ 23. Bxd1 h6 24. c3 Be4+ 25. Kc1 g5 26. Nd4 Bxd4 27. cxd4 Kf8 28. Kd2 Ke7 29. Kc3 Kd6 30. Kb4 Bb7 31. Bb3 f6 32. Ka5 e5 33. dxe5+ Kxe5 34. Kb6 Bc8 35. Kc7 Bg4 36. Kb6 Kd4 37. Kxa6 Be2 38. Ka5 f5 39. a4 bxa4 40. Bxa4 f4 41. b4 fxg3 42. fxg3 h5 43. b5 h4 44. b6 Bf3 45. Ka6 hxg3 46. hxg3 g4 47. Bd1 Ke3 48. Bxf3 gxf3 49. b7 f2 50. b8=Q f1=Q+ 51. Ka7 Qa1+ 52. Kb7 Qb2+ 53. Kc8 Qxb8+ 54. Kxb8 Kf3 55. g4 Kxg4 1/2-1/2


[Site "https://www.chess.com"]

[Event "Titled Tuesday Blitz August 08 Late 2023"]
[White "Tharushi, T H D Niklesha"]
[Black "Mickiewicz, Piotr"]
[WhiteFideId "9918264"]
[BlackFideId "1114891"]
[WhiteElo "2083"]
[BlackElo "2521"]
[Result "1-0"]
[Round "1"]
[TimeControl "180+1"]
[Date "2023.08.08"]
[WhiteClock "0:00:13"]
[BlackClock "0:00:00"]
[Board "183"]

1. e4 c5 2. Nf3 d6 3. d4 cxd4 4. Nxd4 Nf6 5. Nc3 Nc6 6. f3 Bd7 7. Be3 g6 8. Qd2 h5 9. Bc4 Bg7 10. O-O Rc8 11. Bb3 Ne5 12. Qe2 Qa5 13. Ndb5 a6 14. Nd4 O-O 15. h3 b5 16. f4 Nc4 17. Bxc4 Rxc4 18. e5 Rxc3 19. bxc3 Ne4 20. exd6 Qxc3 21. Qd3 Qxd3 22. cxd3 Nc3 23. dxe7 Re8 24. Rfe1 Rxe7 25. Bf2 Rxe1+ 26. Rxe1 Nxa2 27. Re7 Bf5 28. Nxf5 gxf5 29. Ra7 Nb4 30. d4 Nc6 31. Rxa6 Nxd4 32. Rb6 Ne2+ 33. Kf1 Nxf4 34. Rxb5 Ng6 35. Rxf5 h4 36. Rh5 Bf6 37. Rf5 Kg7 38. Ke2 Ne7 39. Ra5 Ng6 40. Ra7 Nf4+ 41. Kf3 Ng6 42. Kg4 Ne5+ 43. Kh5 Nd3 44. Be3 Ne1 45. Ra2 Nd3 46. Bg5 Bd4 47. Bxh4 f5 48. Ra4 Nf4+ 49. Kg5 Ne6+ 50. Kxf5 Kf7 51. Ra6 1-0


[Site "https://www.chess.com"]

[Event "Titled Tuesday Blitz August 08 Late 2023"]
[White "Ansh M Shah"]
[Black "Maluco_do_Natal_00"]
[WhiteFideId "25033379"]
[WhiteElo "2521"]
[BlackElo "2076"]
[Result "1-0"]
[Round "1"]
[TimeControl "180+1"]
[Date "2023.08.08"]
[WhiteClock "0:00:08"]
[BlackClock "0:00:00"]
[Board "184"]

1. d4 d5 2. c4 c6 3. cxd5 cxd5 4. Nc3 Nf6 5. Bf4 Nc6 6. Nf3 a6 7. e3 Bg4 8. Rc1 Rc8 9. Bd3 e6 10. O-O Be7 11. Qb3 Na5 12. Qa4+ Nc6 13. Ne5 Bh5 14. Nxc6 Rxc6 15. Bxa6 O-O 16. Bb5 Rc8 17. Qb3 h6 18. h3 Bd6 19. Bxd6 Qxd6 20. Na4 Ne4 21. Qd3 Bg6 22. Qe2 b6 23. a3 f5 24. Ba6 Rc7 25. Rxc7 Qxc7 26. Qd1 f4 27. Qc1 Qa7 28. Bb5 fxe3 29. Qxe3 Qa5 30. Qe2 Rc8 31. b4 Qa7 32. f3 Ng3 33. Qxe6+ 1-0


[Site "https://www.chess.com"]

[Event "Titled Tuesday Blitz August 08 Late 2023"]
[White "Nikulina, Alena"]
[Black "Glavina, Pablo"]
[WhiteFideId "4172051"]
[BlackFideId "100234"]
[WhiteElo "2075"]
[BlackElo "2520"]
[Result "0-1"]
[Round "1"]
[TimeControl "180+1"]
[Date "2023.08.08"]
[WhiteClock "0:00:01"]
[BlackClock "0:01:14"]
[Board "185"]

1. e4 c6 2. Nc3 d5 3. Qe2 d4 4. Nd1 e5 5. g3 Bd6 6. Bg2 c5 7. d3 Nc6 8. f4 Nge7 9. Nf3 O-O 10. O-O f6 11. f5 b5 12. g4 Kh8 13. Kh1 a5 14. g5 c4 15. Nf2 Ba6 16. Nh4 cxd3 17. cxd3 Rc8 18. Qh5 fxg5 19. Bxg5 Qe8 20. Qxe8 Rfxe8 21. Ng4 Ng8 22. Rf3 h6 23. Bd2 Kh7 24. f6 Nxf6 25. Nxf6+ gxf6 26. Rxf6 Bf8 27. Raf1 Bg7 28. Rf7 Rf8 29. Rxf8 Rxf8 30. Nf5 b4 31. Rf3 Nd8 32. a3 bxa3 33. bxa3 a4 34. Bb4 Rf7 35. Bh3 Rc7 36. Kg2 Ne6 37. Nxg7 Nf4+ 38. Kg3 Rxg7+ 39. Kf2 Nxd3+ 40. Ke2 Nxb4+ 41. Kd2 Nc6 42. Bf5+ Kh8 43. Rh3 Kg8 44. Rxh6 Bb7 45. Rd6 Kf7 46. Be6+ Ke7 47. Rd7+ Kf6 48. Rxg7 Kxg7 49. Bd5 Na5 50. Bxb7 Nxb7 51. Kd3 Nc5+ 0-1


[Site "https://www.chess.com"]

[Event "Titled Tuesday Blitz August 08 Late 2023"]
[White "FromTexas54"]
[Black "Ferrufino, Boris"]
[BlackFideId "3300170"]
[WhiteElo "2520"]
[BlackElo "2050"]
[Result "1-0"]
[Round "1"]
[TimeControl "180+1"]
[Date "2023.08.08"]
[WhiteClock "0:01:16"]
[BlackClock "0:01:30"]
[Board "186"]

1. Nf3 c5 2. g3 Nc6 3. Bg2 e5 4. O-O d5 5. c4 d4 6. e3 Be7 7. exd4 exd4 8. d3 Nf6 9. Bg5 O-O 10. a3 Bf5 11. Nh4 Be6 12. Nd2 h6 13. Bxf6 Bxf6 14. Nhf3 Bf5 15. Ne4 Re8 16. Nfd2 Ne5 17. Qc2 b6 18. b4 Rc8 19. bxc5 bxc5 20. Rab1 Qc7 21. Rb7 Qa5 22. Nxf6+ gxf6 23. Ne4 Kg7 24. Qb3 Rc7 25. Nd6 Bd7 26. Nxe8+ Bxe8 27. Rxc7 Qxc7 28. Be4 Bd7 29. Rb1 f5 30. Bd5 Bc6 31. Qb8 Qd7 32. Qxe5+ 1-0


[Site "https://www.chess.com"]

[Event "Titled Tuesday Blitz August 08 Late 2023"]
[White "Bongo Akanga Ndjila, Barthelemy"]
[Black "brm72"]
[WhiteFideId "10609431"]
[WhiteElo "2048"]
[BlackElo "2520"]
[Result "0-1"]
[Round "1"]
[TimeControl "180+1"]
[Date "2023.08.08"]
[WhiteClock "0:02:20"]
[BlackClock "0:02:47"]
[Board "187"]

1. d4 Nf6 2. c4 g6 3. Nc3 d5 4. Nf3 Bg7 5. e3 O-O 6. Be2 c5 7. dxc5 Qa5 8. Bd2 dxc4 9. Bxc4 Qxc5 10. Qe2 Nc6 11. O-O Bg4 12. Bb3 Ne5 13. Rac1 Nxf3+ 14. gxf3 Bh3 15. Rfd1 Qg5+ 0-1


[Site "https://www.chess.com"]